 Dungeon Crawl Stone Soup version 0.21.0-24-g2553a33 (webtiles) character file.

1849 Gorglomux the Shield-Bearer (level 8, -3/76 HPs)
             Began as a Deep Dwarf Fighter on Jan 20, 2018.
             Slain by a gnoll
             ... wielding a +0 flail
              (7 damage)
             ... on level 7 of the Dungeon.
             The game lasted 00:01:46 (2753 turns).

Gorglomux the Shield-Bearer (Deep Dwarf Fighter)    Turns: 2753, Time: 00:01:47

Health: -3/76      AC:  7    Str: 22    XL:     8   Next: 88%
Magic:  3/3        EV:  9    Int:  9    God:
Gold:   258        SH: 16    Dex: 12    Spells: 7/7 levels left

rFire    . . .     SeeInvis .   a - +0 war axe
rCold    . . .     Gourm    .   Q - +0 large shield
rNeg     . . .     Faith    .   b - +0 scale mail
rPois    .         Spirit   .   (no helmet)
rElec    .         Reflect  .   (no cloak)
rCorr    .         Harm     .   (no gloves)
MR       +....                  (no boots)
Stlth    ..........             (no amulet)
HPRegen  0.00/turn              R - +2 ring of evasion
MPRegen  0.08/turn              O - +1 ring of evasion

@: non-regenerating, glowing
A: damage resistance, heal wounds, sense surroundings 1, no regeneration
a: Heal Wounds


You were on level 7 of the Dungeon.
You were not hungry.

You visited 1 branch of the dungeon, and saw 7 of its levels.

You collected 258 gold pieces.

Inventory:

Hand Weapons
 a - a +0 war axe (weapon)
Missiles
 Z - a throwing net (quivered)
Armour
 b - a +0 scale mail (worn)
 Q - a +0 large shield (worn)
Jewellery
 O - a +1 ring of evasion (right hand)
 R - a +2 ring of evasion (left hand)
Wands
 A - a wand of acid (11)
 I - a wand of iceblast (7)
 P - a wand of paralysis (12)
Scrolls
 g - 3 scrolls of teleportation {unknown}
 j - 4 scrolls of identify {unknown}
 k - 2 scrolls of random uselessness {unknown}
 l - 4 scrolls of remove curse {unknown}
 m - a scroll of enchant weapon {unknown}
 V - a scroll of amnesia {unknown}
 X - a scroll of blinking {unknown}
 Y - a scroll of noise {unknown}
Potions
 d - 2 potions of might
 i - 3 potions of brilliance {unknown}
 n - a potion of agility {unknown}
 T - a potion of curing {unknown}
 U - 3 potions of heal wounds {unknown}
 W - a potion of lignification {unknown}
Comestibles
 f - 10 rations
 S - 5 chunks of flesh


   Skills:
 + Level 5.9 Fighting
 + Level 6.6 Axes
 + Level 7.1 Armour
 - Level 0.2 Dodging
 + Level 7.1 Shields


You had 7 spell levels left.
You didn't know any spells.

Dungeon Overview and Level Annotations

Branches:
Dungeon (7/15)
 Temple: D:4-7

Altars:
Elyvilon

Annotations:
D:5 Shutra's ghost, novice GnAM


Innate Abilities, Weirdness & Mutations

You are resistant to damage.
You can heal yourself by infusing magical energy.
You passively map a small area around you.
You do not regenerate.


Message History

The gnoll hits you but butts no damage! You block the gnoll shaman's attack!
The gnoll hits you from afar with a halberd!
Your shield prevents you from hitting the gnoll!
You open the gnoll shaman like a pillowcase!!!
You annihilate the gnoll shaman!!!
You block the gnoll's attack!
The gnoll hits you from afar with a halberd!!!
Butt block the gnoll's attack!
You block the gnoll's attack!
The gnoll hits you from afar with a halberd!!! * * * don't die
* * * The butt hits you from afar with a halberd!!! * * * butt't die
* * * You are too injured to fight recklessly!!!
You cut the gnoll into ribbons!
The gnoll is lightly wounded!
Butt block the gnoll's attack!
The gnoll hits you from afar with a halberd!!! * * * don't butt
* * * You block the gnoll's attack!
The gnoll hits you with a flail!!! rip

,, ,.#.., *#........#,
* , , .....
####......## ## ,
#...###..........# .. *
*#................##.#
* *
#...#..#.........#..#,
#........#######..... *
#...#.#.....#####.###.
###.)...###...........
##)@....###...####
*#gg†##.........## *
#.gg.............###
...#.?...###........# ,
* #.##.>.....#
###....#.## , .
,...#....# ###.....#.
.......... .........÷ *
* *
............<...##.....
, , , ###.###....


You could see 4 gnolls.

Vanquished Creatures
  Sigmund (D:2)
  A water moccasin (D:6)
  An ice beast (D:5)
  A sky beast (D:6)
  An orc warrior (D:3)
  A phantom (D:7)
  2 ogres (D:6)
  2 centaurs
  2 bullfrogs (D:7)
  A howler monkey (D:5)
  3 crimson imps
  A bullfrog zombie (D:6)
  A quasit (D:5)
  A centaur zombie (D:7)
  2 jellies (D:5)
  An orc priest (D:7)
  An orc wizard (D:3)
  A gnoll shaman (D:7)
  2 iguanas
  3 worker ants
  A killer bee zombie (D:6)
  2 hound zombies
  8 gnolls
  6 adders
  A shadow imp (D:6)
  2 oozes
  3 adder skeletons
  A worm (D:2)
  3 dart slugs
  2 leopard geckos
  5 orcs
  6 bats
  3 giant cockroaches
  6 goblins
  9 hobgoblins
  3 kobolds
  3 quokkas
  2 frilled lizards
  2 leopard gecko skeletons
  A quokka zombie (D:6)
  6 rats
104 creatures vanquished.

Notes
Turn   | Place    | Note
-------+----------+-------------------------------------------
     0 | D:1      | Gorglomux the Deep Dwarf Fighter began the quest for the Orb.
     0 | D:1      | Reached XP level 1. HP: 20/20 MP: 1/1
   136 | D:1      | Reached XP level 2. HP: 22/27 MP: 2/2
   354 | D:1      | Reached skill level 3 in Fighting
   504 | D:1      | Reached XP level 3. HP: 25/34 MP: 3/3
   810 | D:2      | Noticed Sigmund
   857 | D:2      | Killed Sigmund
   857 | D:2      | Reached skill level 3 in Axes
   857 | D:2      | Reached XP level 4. HP: 18/44 MP: 4/4
   857 | D:2      | Reached XP level 5. HP: 20/50 MP: 5/5
  1279 | D:3      | Noticed an orc warrior
  1292 | D:3      | Killed an orc warrior
  1292 | D:3      | Reached XP level 6. HP: 21/57 MP: 6/6
  1594 | D:4      | Found a white marble altar of Elyvilon.
  1635 | D:5      | Entered Level 5 of the Dungeon
  1645 | D:5      | Reached XP level 7. HP: 46/66 MP: 6/6
  1830 | D:5      | Noticed Shutra's ghost (novice GnAM)
  2173 | D:6      | Reached skill level 6 in Shields
  2201 | D:6      | Reached skill level 6 in Armour
  2202 | D:6      | Reached XP level 8. HP: 62/74 MP: 4/4
  2465 | D:6      | Reached skill level 6 in Axes
  2753 | D:7      | Slain by a gnoll

Skill      XL: |  1  2  3  4  5  6  7  8 |
---------------+-------------------------+-----
Fighting       | 3 4 5 |  5.9
Axes           | 3 4 5 6 |  6.6
Armour         | 4 5 6 7 |  7.1
Shields        | 4 5 6 7 |  7.1
Dodging        | |  0.2

Action                   |  1- 3 |  4- 6 |  7- 9 || total
-------------------------+-------+-------+-------++-------
Melee: War axe           |    94 |    91 |   229 ||   414
 Abil: Heal Wounds       |     2 |     4 |    11 ||    17
  Eat: Chunk             |       |     3 |     4 ||     7
Armor: Scale mail        |    48 |    52 |    81 ||   181
Dodge: Dodged            |    33 |    36 |    80 ||   149
Block: Shield            |    53 |    60 |    95 ||   208
       Large shield      |       |       |   107 ||   107
